 Dungeon Crawl Stone Soup version 0.22-a0-447-gee5f723 (webtiles) character file.

59270 iamserjio the Severer (level 14, -6/129 HPs)
             Began as a Minotaur Gladiator on June 3, 2018.
             Was a Believer of Uskayaw.
             Killed from afar by a thorn hunter (36 damage)
             ... with a volley of thorns
             ... on level 2 of the Swamp.
             The game lasted 00:50:12 (21738 turns).

iamserjio the Severer (Minotaur Gladiator)         Turns: 21738, Time: 00:50:12

Health: -6/129     AC: 19    Str: 19    XL:     14   Next: 52%
Magic:  20/20      EV: 32    Int:  5    God:    Uskayaw [**....]
Gold:   909        SH: 13    Dex: 17    Spells: 13/13 levels left

rFire    . . .     SeeInvis +   T - +11 whip of Dooffeism {drain, SInv}
rCold    . . .     Gourm    .   I - +0 shield
rNeg     . . .     Faith    .   S - +0 swamp dragon scales
rPois    +         Spirit   .   p - +2 hat {MR+}
rElec    .         Reflect  .   r - +0 cloak
rCorr    +         Harm     .   U - +1 pair of gloves {archery}
MR       ++...                  X - +0 pair of boots {run}
Stlth    +.........             R - amulet of the acrobat
HPRegen  0.31/turn              G - +2 ring of evasion
MPRegen  0.17/turn              K - ring of resist corrosion

@: quick
A: retaliatory headbutt, horns 2
a: Stomp, Line Pass, Renounce Religion


You were on level 2 of the Swamp.
You worshipped Uskayaw.
Uskayaw was aware of your devotion.
You were not hungry.

You visited 4 branches of the dungeon, and saw 17 of its levels.
You also visited: Ice Cave.

You collected 1070 gold pieces.
You spent 161 gold pieces at shops.

Inventory:

Hand Weapons
 a - a +0 war axe
 T - the +11 whip of Dooffeism (weapon) {drain, SInv}
   (You took it off a crimson imp on level 8 of the Dungeon)

   A truly terrible weapon, it drains the life of those it strikes.
   It lets you see invisible.
 Z - the +10 glaive of Butchery {chop, +Inv rPois Dex-2, unknown}
   (You found it in an ice cave)

   It inflicts extra damage upon your enemies.
   It affects your dexterity (-2).
   It protects you from poison.
   It lets you turn invisible.
Missiles
 d - 8 throwing nets (quivered)
 k - 2 javelins
Armour
 c - a +0 large shield of positive energy
 p - a +2 hat of magic resistance (worn)
 r - a +0 cloak (worn)
 w - the +1 plate armour of the Zebra {rCorr MP+9 Dex+4 SInv}
   (You found it on level 6 of the Lair of Beasts)

   It affects your dexterity (+4).
   It affects your magic capacity (+9).
   It lets you see invisible.
   It protects you from acid and corrosion.
 y - +2 fire dragon scales
 z - +0 ice dragon scales
 E - the +1 ring mail of Entitlement {rPois MR+ Int+4}
   (You found it on level 5 of the Dungeon)

   It affects your intelligence (+4).
   It protects you from poison.
   It affects your resistance to hostile enchantments.
 F - a scarf of spirit shield
 I - a +0 shield (worn)
 S - +0 swamp dragon scales (worn)
 U - a +1 pair of gloves of archery (worn)
 V - the +0 hat of the Neverending Realms {+Inv rPois Dex+2 Slay-3}
   (You found it in an ice cave)

   It affects your dexterity (+2).
   It affects your accuracy and damage with ranged weapons and melee attacks
   (-3).
   It protects you from poison.
   It lets you turn invisible.
 W - the +2 leather armour of a treasure trove {-Cast Slay+5 SInv Stlth+}
   (You found it on level 8 of the Dungeon)

   It affects your accuracy and damage with ranged weapons and melee attacks
   (+5).
   It lets you see invisible.
   It prevents spellcasting.
   It makes you more stealthy.
 X - a +0 pair of boots of running (worn)
Jewellery
 G - a +2 ring of evasion (left hand)
 K - a ring of resist corrosion (right hand)
 R - an amulet of the acrobat (around neck)
Wands
 D - a wand of enslavement (24)
 H - a wand of digging (9)
 J - a wand of paralysis (21)
 L - a wand of clouds (2)
Scrolls
 e - a scroll of random uselessness {unknown}
 i - 3 scrolls of enchant weapon
 n - a scroll of brand weapon
 o - 5 scrolls of fear
 u - 2 scrolls of silence
 v - 17 scrolls of remove curse
 x - 8 scrolls of magic mapping
 B - 4 scrolls of teleportation
 N - 3 scrolls of blinking
Potions
 b - 2 potions of resistance {unknown}
 g - 2 potions of heal wounds
 h - 3 potions of brilliance
 j - 5 potions of flight
 l - 4 potions of might
 q - 7 potions of lignification
 s - 2 potions of haste
 C - 2 potions of cancellation {unknown}
 M - a potion of agility
 P - 7 potions of curing
 Q - a potion of invisibility {unknown}
 Y - a potion of berserk rage {unknown}
Miscellaneous
 O - a phantom mirror
Comestibles
 f - 20 rations


   Skills:
 + Level 13.2 Fighting
 + Level 15.8 Axes
 - Level 2.0 Throwing
 * Level 13.7 Armour
 - Level 7.0 Dodging
 + Level 11.8 Shields
 - Level 10.0 Invocations


You had 13 spell levels left.
You didn't know any spells.
Your spell library contained the following spells:

 Spells                   Type           Power        Failure   Level  Hunger
 Fireball                 Conj/Fire      #.........   100%        5    ######.
 Conjure Flame            Conj/Fire      #.......     98%         3    ####...
 Throw Flame              Conj/Fire      #.....       87%         2    ###....
 Summon Small Mammal      Summ           #...         75%         1    ##.....
 Sticky Flame             Conj/Fire      #.......     100%        4    #####..
 Summon Ice Beast         Ice/Summ       #.......     100%        4    #####..
 Call Imp                 Summ           #.......     87%         2    ###....
 Ice Form                 Ice/Tmut       #.......     100%        4    #####..
 Flame Tongue             Conj/Fire      #....        75%         1    ##.....
 Call Canine Familiar     Summ           #.......     98%         3    ####...
 Alistair's Intoxication  Tmut/Pois      #.......     100%        5    ######.
 Leda's Liquefaction      Hex/Erth       #.........   100%        4    #####..
 Inner Flame              Hex/Fire       #.......     98%         3    ####...
 Summon Lightning Spire   Summ/Air       #.......     100%        4    #####..
 Summon Guardian Golem    Hex/Summ       #.......     98%         3    ####...


Dungeon Overview and Level Annotations

Branches:
Dungeon (8/15)             Temple (1/1) D:6            Lair (6/6) D:8
  Swamp (2/4) Lair:4       Spider (0/4) Lair:3        Slime (0/5) Lair:6

Altars:
Ashenzari
Cheibriados
Dithmenos
Elyvilon
Fedhas
Gozag
Hepliaklqana
Kikubaaqudgha
Makhleb
Nemelex Xobeh
Okawaru
Qazlal
Ru
Sif Muna
Trog
Uskayaw
Vehumet
Wu Jian
Xom
Yredelemnul
Zin
The Shining One
Jiyva

Shops:
D:5 ?

Annotations:
D:7 1 runed door, exclusion: door
Lair:3 exclusion: downstairs
Lair:5 1 exclusion
Lair:6 1 runed door


Innate Abilities, Weirdness & Mutations

You reflexively headbutt those who attack you in melee.
You have a pair of horns on your head.


Message History

You headbutt the thorn hunter, but do no damage.
The thorn hunter is moderately damaged.
You block the thorn hunter's attack. The thorn hunter closely misses you.
You hit the thorn hunter. You headbutt the thorn hunter.
The thorn hunter is heavily damaged.
The thorn hunter fires a volley of thorns at you.
The volley of thorns hits you!
You hit the thorn hunter but do no damage.
Your headbutt misses the thorn hunter.
The thorn hunter is heavily damaged.
The thorn hunter fires a volley of thorns at you.
The volley of thorns hits you!
* * * LOW HITPOINT WARNING * * *
Okay, then.
The briar patch crumbles away.
The thorn hunter fires a volley of thorns at you.
You block the volley of thorns.
The thorn hunter fires a volley of thorns at you.
The volley of thorns hits you!
You die...

.≈ ≈≈ ♣. .. ♣♣♣ ♣♣. ♣.♣
♣..♣♣♣.♣..♣ ♣ ♣ ♣♣..♣≈≈.♣
♣♣≈♣ ♣♣♣.♣♣.f♣.♣ .♣
♣♣♣..♣♣♣♣♣ ♣.≈.≈..♣.♣♣
♣§♣♣..♣♣ ♣≈.♣♣
.≈≈PPP..♣♣.@♣♣♣.♣.♣♣.♣♣♣♣§.♣
.≈≈.P.♣♣♣♣♣.♣..♣.♣♣...♣♣...≈
..≈..♣.♣♣.♣♣..♣♣..♣♣♣.♣..♣.≈
♣♣≈.. ♣. ♣≈.♣♣♣♣♣.♣♣.♣.§..[.
♣♣ ♣♣♣♣..
.♣.♣♣.♣♣♣≈♣..♣...♣≈..
.♣♣♣.♣♣≈ ♣.
♣♣.♣♣≈..♣♣.♣.♣... ♣♣≈≈♣♣♣≈
♣.♣♣♣♣.♣.♣♣.♣♣♣...}≈♣ ♣..≈♣
♣.♣♣.♣..♣♣♣.♣♣.≈...♣ .♣.♣♣♣
♣♣.≈.♣♣.♣♣♣♣.♣.♣≈≈..♣


You could see a thorn hunter.

Vanquished Creatures
  2 Ice Fiends (IceCv)
  Gastronok (Lair:1)
  An entropy weaver (Lair:5)
  Josephine (Lair:4)
  8 hydras
  Erica (D:8)
  A merfolk avatar (Lair:6)
  2 two-headed ogres (D:8)
  4 alligators
  4 death yaks (Lair:6)
  A queen ant (Lair:5)
  Nergalle (Lair:1)
  A spriggan druid (Swamp:1)
  Pikel (D:7)
  2 swamp dragons (Swamp:1)
  A harpy (Lair:6)
  6 ugly things
  5 elephants (Lair:6)
  A black mamba (Lair:6)
  2 ice statues (IceCv)
  4 torpor snails
  9 spiny frogs
  A gargoyle (D:8)
  7 komodo dragons
  7 rime drakes
  12 ice devils (IceCv)
  A troll (D:8)
  3 jumping spiders (Lair:3)
  2 wind drakes (Lair:6)
  6 slime creatures
  2 tyrant leeches
  6 polar bears
  A hornet (Swamp:2)
  6 hippogriffs
  A bog body (Swamp:2)
  4 dream sheep (Lair:6)
  3 wraiths (Lair:4)
  2 redbacks (Lair:3)
  A wyvern (Lair:6)
  A shadow (Swamp:2)
  18 yaks
  2 spriggans (Swamp:1)
  Grum (Lair:1)
  2 hungry ghosts
  9 vampire mosquitoes
  Edmund (D:6)
  6 swamp worms
  4 insubstantial wisps (Swamp:2)
  8 water moccasins
  5 soldier ants (Lair:5)
  An orc warrior (D:7)
  9 porcupines
  2 black bears
  Duvessa (D:7)
  2 slaves (D:7)
  2 sky beasts (D:8)
  2 swamp drakes (Swamp:1)
  4 centaurs
  5 ogres
  6 wolves
  An ogre (shapeshifter) (D:8)
  17 crocodiles
  Blork the orc (D:4)
  3 bullfrogs
  A gnoll sergeant (D:7)
  Dowan (D:7)
  A wight (D:8)
  A scorpion (D:8)
  2 killer bees (D:8)
  4 howler monkeys
  An electric eel (Lair:1)
  6 crimson imps
  A centaur zombie (D:6)
  A jelly (D:7)
  2 bullfrog zombies
  3 orc priests
  A bullfrog skeleton (D:8)
  A centaur skeleton (D:7)
  4 hounds
  2 iguanas
  Ijyb (D:4)
  Natasha (thrice) (D:4)
  6 orc wizards
  14 worker ants
  Robin (D:3)
  3 gnolls (D:7)
  12 adders
  A shadow imp (D:7)
  3 white imps (IceCv)
  8 ufetubi (IceCv)
  3 oozes
  4 adder skeletons
  2 adder zombies
  4 worms
  3 dart slugs
  12 leopard geckos
  12 orcs
  6 giant cockroaches
  25 goblins
  9 hobgoblins
  20 jackals
  11 kobolds
  2 quokkas
  9 bats
  7 frilled lizards
  A quokka zombie (D:8)
  5 rats
  A briar patch (Swamp:2)
457 creatures vanquished.

Vanquished Creatures (others)
  2 white imps (IceCv)
  6 ufetubi (IceCv)
  2 fungi (Lair:6)
  7 plants
17 creatures vanquished.

Grand Total: 474 creatures vanquished

Notes
Turn   | Place    | Note
-------+----------+-------------------------------------------
     0 | D:1      | iamserjio the Minotaur Gladiator began the quest for the Orb.
     0 | D:1      | Reached XP level 1. HP: 18/18 MP: 0/0
   117 | D:1      | Reached XP level 2. HP: 18/25 MP: 1/1
   119 | D:1      | Reached skill level 4 in Axes
   338 | D:1      | Reached skill level 1 in Armour
   636 | D:1      | Reached XP level 3. HP: 25/30 MP: 2/2
  1048 | D:2      | Found a glowing golden altar of the Shining One.
  1175 | D:2      | Reached XP level 4. HP: 38/38 MP: 3/3
  1208 | D:2      | Reached skill level 5 in Axes
  1242 | D:2      | Reached XP level 5. HP: 15/46 MP: 4/4
  2749 | D:3      | Noticed Robin
  2771 | D:3      | Killed Robin
  2771 | D:3      | Reached XP level 6. HP: 41/52 MP: 5/5
  3163 | D:4      | Reached skill level 6 in Axes
  3195 | D:4      | Noticed Ijyb
  3208 | D:4      | Killed Ijyb
  3302 | D:4      | Noticed Natasha
  3309 | D:4      | Killed Natasha
  3340 | D:4      | HP: 1/53 [ogre/giant club (20)]
  3780 | D:4      | Noticed Blork the orc
  3788 | D:4      | Killed Blork the orc
  3788 | D:4      | Reached XP level 7. HP: 59/60 MP: 6/6
  3848 | D:4      | Reached skill level 5 in Dodging
  3859 | D:4      | Noticed Natasha
  3863 | D:4      | Reached skill level 7 in Axes
  3865 | D:4      | Killed Natasha
  3890 | D:4      | Reached skill level 5 in Fighting
  3907 | D:4      | Noticed Natasha
  3914 | D:4      | Killed Natasha
  3938 | D:4      | Found a basalt altar of Yredelemnul.
  4353 | D:5      | Entered Level 5 of the Dungeon
  4485 | D:5      | Reached XP level 8. HP: 51/69 MP: 7/7
  4499 | D:5      | Reached skill level 8 in Axes
  4508 | D:5      | Noticed a hippogriff
  4869 | D:5      | Killed a hippogriff
  4869 | D:5      | Reached skill level 5 in Armour
  4952 | D:5      | Found Iptied's Magic Scroll Shoppe.
  4957 | D:5      | Bought a scroll of fear for 45 gold pieces
  4957 | D:5      | Bought a scroll of identify for 26 gold pieces
  4957 | D:5      | Bought a scroll of fear for 45 gold pieces
  4957 | D:5      | Bought a scroll of magic mapping for 45 gold pieces
  5334 | D:5      | Got a faintly humming ring mail
  5345 | D:5      | Identified the cursed +1 ring mail of Entitlement {rPois MR+ Int+4} (You found it on level 5 of the Dungeon)
  5425 | D:6      | Found a staircase to the Ecumenical Temple.
  5426 | D:6      | Noticed Edmund
  5444 | D:6      | Killed Edmund
  5450 | D:6      | Reached skill level 9 in Axes
  5465 | Temple   | Entered the Ecumenical Temple
  5710 | Temple   | Became a worshipper of Uskayaw the Reveler
  5782 | D:6      | Reached * piety under Uskayaw
  5805 | D:6      | Reached ** piety under Uskayaw
  5812 | D:6      | Reached *** piety under Uskayaw
  6569 | D:7      | Reached skill level 1 in Invocations
  6569 | D:7      | Reached skill level 1 in Shields
  6569 | D:7      | Reached **** piety under Uskayaw
  6610 | D:7      | Reached XP level 9. HP: 26/78 MP: 8/8
  7417 | D:7      | Reached skill level 10 in Axes
  7473 | D:7      | Noticed Dowan
  7475 | D:7      | Noticed Duvessa
  7489 | D:7      | Killed Duvessa
  7494 | D:7      | Killed Dowan
  7719 | D:7      | Noticed Pikel
  7731 | D:7      | Killed Pikel
  7862 | D:7      | Found a runed door.
  8230 | D:8      | Noticed a two-headed ogre
  8242 | D:8      | Killed a two-headed ogre
  8242 | D:8      | Reached skill level 11 in Axes
  8242 | D:8      | Reached XP level 10. HP: 54/88 MP: 11/11
  8245 | D:8      | Reached ***** piety under Uskayaw
  8460 | D:8      | Noticed Erica
  8484 | D:8      | Killed Erica
  8689 | D:8      | Noticed a gargoyle
  8698 | D:8      | Noticed a two-headed ogre
  8706 | D:8      | Killed a gargoyle
  8706 | D:8      | Reached skill level 5 in Shields
  8708 | D:8      | Killed a two-headed ogre
  8763 | D:8      | Reached skill level 12 in Axes
  8843 | D:8      | Got a bloodstained whip {drain}
  9123 | D:8      | Identified the Papyrus of Shape Shifting and Clay
  9134 | D:8      | Got a dazzling leather armour
  9207 | D:8      | Identified the +11 whip of Dooffeism {drain, SInv} (You took it off a crimson imp on level 8 of the Dungeon)
  9248 | D:8      | Identified the +2 leather armour of a treasure trove {-Cast Slay+5 SInv Stlth+} (You found it on level 8 of the Dungeon)
  9520 | D:8      | Found a staircase to the Lair.
  9529 | Lair:1   | Entered Level 1 of the Lair of Beasts
  9529 | Lair:1   | Noticed a seven-headed hydra
  9537 | Lair:1   | Killed a seven-headed hydra
  9537 | Lair:1   | Reached skill level 5 in Invocations
  9537 | Lair:1   | Reached XP level 11. HP: 43/95 MP: 9/13
  9983 | Lair:1   | Noticed Grum
 10000 | Lair:1   | Killed Grum
 10590 | Lair:1   | Noticed Gastronok
 10603 | Lair:1   | Killed Gastronok
 10603 | Lair:1   | Reached skill level 13 in Axes
 10784 | Lair:1   | Noticed Nergalle
 10797 | Lair:1   | Killed Nergalle
 11305 | Lair:2   | Reached ****** piety under Uskayaw
 11336 | Lair:2   | Reached skill level 10 in Fighting
 11582 | Lair:2   | Found a snail-covered altar of Cheibriados.
 11933 | Lair:3   | Noticed a six-headed hydra
 11944 | Lair:3   | Killed a six-headed hydra
 12012 | Lair:3   | Reached XP level 12. HP: 38/106 MP: 15/15
 12366 | Lair:3   | Identified 2 scrolls of acquirement
 12742 | Lair:3   | Reached skill level 10 in Armour
 12770 | Lair:3   | Found a hole to the Spider Nest.
 13654 | Lair:4   | Noticed Josephine
 13660 | Lair:4   | Killed Josephine
 13754 | Lair:4   | Reached skill level 14 in Axes
 13787 | Lair:4   | Noticed an eight-headed hydra
 14168 | Lair:4   | Killed an eight-headed hydra
 14217 | Lair:4   | Found a staircase to the Swamp.
 14360 | Lair:4   | Got a transparent robe
 14795 | Lair:4   | Identified the +3 robe of Virosug {rPois rF- rC++ rCorr} (You found it on level 4 of the Lair of Beasts)
 14868 | Lair:5   | Noticed an entropy weaver
 14868 | Lair:5   | Noticed an entropy weaver
 15130 | Lair:5   | Noticed an eight-headed hydra
 15144 | Lair:5   | Killed an eight-headed hydra
 15282 | Lair:5   | Killed an entropy weaver
 15779 | Lair:5   | Noticed a queen ant
 15795 | Lair:5   | Killed a queen ant
 16312 | Lair:6   | Entered Level 6 of the Lair of Beasts
 16411 | Lair:6   | Reached XP level 13. HP: 79/116 MP: 12/18
 16788 | Lair:6   | Reached skill level 10 in Shields
 17024 | Lair:6   | Got an ichor-stained plate armour
 17242 | Lair:6   | Reached skill level 15 in Axes
 17597 | Lair:6   | Found a runed door.
 17598 | Lair:6   | Found a viscous altar of Jiyva.
 17598 | Lair:6   | Found a staircase to the Slime Pits.
 17598 | Lair:6   | Noticed an acid blob
 17598 | Lair:6   | Noticed an acid blob
 18037 | Lair:6   | Identified the +1 plate armour of the Zebra {rCorr MP+9 Dex+4 SInv} (You found it on level 6 of the Lair of Beasts)
 18114 | Swamp:1  | Entered Level 1 of the Swamp
 18216 | Swamp:1  | Found a frozen archway.
 18225 | IceCv    | Entered an ice cave
 18456 | IceCv    | Got a pitted hat
 18470 | IceCv    | Identified a +0 pair of boots of running (You found it in an ice cave)
 18480 | IceCv    | Identified the +0 hat of the Neverending Realms {+Inv rPois Dex+2 Slay-3} (You found it in an ice cave)
 18843 | IceCv    | Noticed an Ice Fiend
 18843 | IceCv    | Noticed an Ice Fiend
 19362 | IceCv    | Killed an Ice Fiend
 19362 | IceCv    | Reached XP level 14. HP: 107/127 MP: 20/20
 19420 | IceCv    | Killed an Ice Fiend
 19793 | IceCv    | Got a twisted glaive
 20905 | Swamp:2  | Reached skill level 10 in Invocations
 21720 | Swamp:2  | Noticed a thorn hunter
 21738 | Swamp:2  | Killed from afar by a thorn hunter

Vault maps used:
D:1:      giann_horns
D:2:      cheibrodos_pilgrimage, first_ration, tso_altar
D:3:      uniq_robin
D:4:      kennysheep_goblin_castle, old_standard_altar, uniq_ijyb,
          uniq_blork_the_orc, uniq_natasha
D:5:      serial_shops, shop
D:6:      minmay_temple_entry_junction_2, uniq_edmund
D:7:      minmay_misc_feat_diagonals, uniq_pikel, uniq_crazy_yiuf_cottage,
          uniq_duvessa
D:8:      minmay_the_grid_square_5x5_3x3, lair_entry_dummy, uniq_erica
Temple:   dpeg_three_leaves_temple
Lair:1:   gammafunk_lair_bear_cave, uniq_nergalle, uniq_gastronok, uniq_grum
Lair:2:   kennysheep_snail_temple, grunt_megastairs_3
Lair:3:   spider_nest_entry_funnel_web
Lair:4:   swamp_mist, eino_small_chamber_without_monster, uniq_josephine
Lair:5:   wad_woods_antlair, lemuel_fruit_tree
Lair:6:   gammafunk_lair_ancient_temple, slime_altar_2, st_stairs_10
Swamp:1:  portal_ice_cave_entry_pillars_three, evilmike_swamp_ruin_house_2,
          infiniplex_staircase_pool_2
Swamp:2:  hangedman_swamp_diagram, nicolae_swamp_very_dense_foliage
IceCv:    ice_cave_small_demon

Skill      XL: |  1  2  3  4  5  6  7  8  9 10 11 12 13 14 |
---------------+-------------------------------------------+-----
Axes           | 4 5 6 7 9 11 12 13 14 15 | 15.8
Armour         | 1 2 3 4 5 7 8 9 11 12 13 | 13.7
Fighting       | 3 4 5 6 7 8 10 11 12 13 | 13.2
Dodging        | 4 5 6 7 |  7.0
Invocations    | 1 3 5 6 8 9 10 | 10.0
Shields        | 1 3 5 7 9 11 | 11.8
Throwing       | |  2.0

Action                   |  1- 3 |  4- 6 |  7- 9 | 10-12 | 13-15 || total
-------------------------+-------+-------+-------+-------+-------++-------
Melee: War axe           |    96 |   172 |   266 |   120 |       ||   654
       Headbutt          |     7 |    34 |    44 |    95 |   160 ||   340
       Whip              |       |       |       |   320 |   565 ||   885
Invok: Stomp             |       |       |       |    12 |     2 ||    14
       Line Pass         |       |       |       |     4 |       ||     4
       Grand Finale      |       |       |       |       |     1 ||     1
Evoke: Wand              |       |       |       |     7 |     2 ||     9
       Box of beasts     |       |       |       |     1 |       ||     1
  Use: Potion            |       |     4 |       |     3 |     3 ||    10
       Scroll            |       |     3 |     5 |    18 |     3 ||    29
 Stab: Paralysed         |       |       |    12 |    38 |    46 ||    96
       Sleeping          |       |       |       |     5 |       ||     5
  Eat: Chunk             |     1 |     8 |    26 |    28 |     3 ||    66
       Ration            |       |       |       |     1 |     5 ||     6
Armor: Leather armour    |    19 |     9 |       |    67 |    25 ||   120
       Chain mail        |       |   109 |    51 |       |       ||   160
       Ring mail         |       |       |    69 |    31 |       ||   100
       Ice dragon scales |       |       |       |       |    31 ||    31
       Swamp dragon scal |       |       |       |       |    63 ||    63
Dodge: Dodged            |    90 |   109 |   139 |   214 |   197 ||   749
Block: Large shield      |       |       |    18 |       |       ||    18
       Shield            |       |       |    45 |   189 |   245 ||   479

Table legend:
 A = Spawn XP
 B = Non-spawn XP
 C = Spawn XP percentage of total XP
 D = Spawn monster count
 E = Non-spawn monster count
 F = Spawn count percentage of total count
 G = Total turns spent on level
                    A         B        C        D         E        F      G
               +---------+---------+-------+---------+---------+-------+---------
         Total |       0 |   84672 |   0.0 |       0 |     454 |   0.0 | 21738
               +---------+---------+-------+---------+---------+-------+---------
           D:1 |       0 |      55 |   0.0 |       0 |      32 |   0.0 |   931
           D:2 |       0 |     208 |   0.0 |       0 |      28 |   0.0 |  1268
           D:3 |       0 |     168 |   0.0 |       0 |      35 |   0.0 |  1369
           D:4 |       0 |     686 |   0.0 |       0 |      33 |   0.0 |  1100
           D:5 |       0 |     805 |   0.0 |       0 |      23 |   0.0 |   721
           D:6 |       0 |     655 |   0.0 |       0 |      17 |   0.0 |  1336
           D:7 |       0 |    2200 |   0.0 |       0 |      29 |   0.0 |  1164
           D:8 |       0 |    5238 |   0.0 |       0 |      33 |   0.0 |  1381
        Lair:1 |       0 |    6824 |   0.0 |       0 |      19 |   0.0 |  1667
        Lair:2 |       0 |    3099 |   0.0 |       0 |      13 |   0.0 |   715
        Lair:3 |       0 |    5191 |   0.0 |       0 |      19 |   0.0 |  1991
        Lair:4 |       0 |    4282 |   0.0 |       0 |      12 |   0.0 |  1104
        Lair:5 |       0 |    7993 |   0.0 |       0 |      32 |   0.0 |  1639
        Lair:6 |       0 |   17801 |   0.0 |       0 |      51 |   0.0 |  1472
       Swamp:1 |       0 |    9738 |   0.0 |       0 |      23 |   0.0 |   998
       Swamp:2 |       0 |    9375 |   0.0 |       0 |      28 |   0.0 |   969
         IceCv |       0 |   10354 |   0.0 |       0 |      27 |   0.0 |  1654
               +---------+---------+-------+---------+---------+-------+---------
